 Dungeon Crawl Stone Soup version 0.22-a0-443-g17c3723 (webtiles) character file.

18165 Leszczynek the Cruncher (level 12, -14/163 HPs)
             Began as a Naga Venom Mage on June 1, 2018.
             Was the Champion of Zin.
             Demolished by an orc warlord
             ... wielding a +0 great mace
              (15 damage)
             ... on level 2 of the Orcish Mines.
             The game lasted 01:31:36 (15055 turns).

Leszczynek the Cruncher (Naga Venom Mage)          Turns: 15055, Time: 01:31:37

Health: -14/163    AC: 16    Str: 20    XL:     12   Next: 55%
Magic:  9/17       EV: 11    Int: 20    God:    Zin [******]
Gold:   867        SH:  0    Dex: 14    Spells: 1/17 levels left

rFire    + . .     SeeInvis +   a - +7 quarterstaff (freeze)
rCold    + . .     Gourm    .   (shield currently unavailable)
rNeg     + . .     Faith    .   j - +3 leather armour "Lyne" {*Drain Regen+ SInv Stlth+}
rPois    ∞         Spirit   .   (no helmet)
rElec    .         Reflect  .   I - scarf {rC+ rF+}
rCorr    .         Harm     .   e - +2 pair of gloves
MR       +....                  (no barding)
Stlth    ..........             A - amulet of rage
HPRegen  0.77/turn              t - +5 ring of protection
MPRegen  0.15/turn              y - ring of positive energy

@: berserking, vitalised, quick
A: large, see invisible, deformed body, poison resistance, slowness 2, slow
metabolism 1, spit poison 1, AC +4
a: Spit Poison, Recite, Vitalisation, Imprison, Sanctuary, Donate Gold, Renounce
Religion, Evoke Berserk Rage


You were on level 2 of the Orcish Mines.
You worshipped Zin.
Zin was exalted by your worship.
You were not hungry.

You visited 2 branches of the dungeon, and saw 14 of its levels.

You collected 1323 gold pieces.
You spent 340 gold pieces at shops.
You donated 116 gold pieces to Zin.

Inventory:

Hand Weapons
 a - a +7 quarterstaff of freezing (weapon)
 w - a +0 blowgun
Missiles
 k - 296 arrows
 l - 8 curare-tipped needles
 n - 139 sling bullets
 x - 6 javelins of returning (quivered)
Armour
 e - a +2 pair of gloves (worn)
 j - the +3 leather armour "Lyne" (worn) {*Drain Regen+ SInv Stlth+}
   (You found it on level 11 of the Dungeon)

   It lets you see invisible.
   It increases your rate of regeneration.
   It causes draining when unequipped.
   It makes you more stealthy.
 r - a +2 robe of fire resistance
 C - a +1 cloak
 I - a scarf of resistance (worn)
Jewellery
 t - a +5 ring of protection (left hand)
 u - an uncursed ring of resist corrosion
 y - a ring of positive energy (right hand)
 A - an amulet of rage (around neck)
 L - an uncursed ring of fire
Wands
 s - a wand of scattershot (4)
 z - a wand of acid (2)
 E - a wand of digging (27)
 J - a wand of flame (45)
Scrolls
 b - a scroll of magic mapping
 f - 2 scrolls of blinking
 g - 2 scrolls of immolation {!r}
 h - a scroll of remove curse {@r2}
 o - 2 scrolls of teleportation
Potions
 c - a potion of invisibility
 i - 2 potions of flight
 m - 2 potions of haste
 p - 4 potions of curing {@q1}
 q - a potion of agility
 v - a potion of heal wounds {@q2}
 D - a potion of resistance {unknown}
 H - a potion of magic
Comestibles
 d - 14 rations


   Skills:
 - Level 7.0 Fighting
 - Level 12.0 Staves
 - Level 3.0 Dodging
 - Level 7.0 Stealth
 - Level 3.1 Spellcasting
 - Level 2.4 Conjurations
   Level 2.1 Necromancy
 - Level 5.0 Transmutations
 - Level 2.1 Air Magic
 * Level 8.4 Earth Magic
 - Level 8.0 Poison Magic
 + Level 6.9 Invocations


You had one spell level left.
You knew the following spells:

 Your Spells              Type           Power        Failure   Level  Hunger
a - Sticks to Snakes      Tmut           ###.....     3%          2    ##.....
b - Poisonous Vapours     Pois/Air       ###...       3%          2    ##.....
c - Mephitic Cloud        Conj/Pois/Air  ###.....     9%          3    ###....
d - Lee's Rapid Deconstr  Erth           #####.....   14%         5    ######.
e - Olgreb's Toxic Radia  Pois           #####...     6%          4    ####...

Your spell library contained the following spells:

 Spells                   Type           Power        Failure   Level  Hunger
 Magic Dart               Conj           ##..         6%          1    None
 Apportation              Tloc           #.....       17%         1    None
 Confuse                  Hex            #.......     45%         3    ###....
 Venom Bolt               Conj/Pois      ###.......   47%         5    ######.
 Summon Small Mammal      Summ           #...         17%         1    None
 Iskenderun's Mystic Bla  Conj           ##......     52%         4    ####...
 Animate Skeleton         Necr           N/A          7%          1    None
 Sting                    Conj/Pois      ###.         1%          1    None
 Tukima's Dance           Hex            #.......     45%         3    ###....
 Stone Arrow              Conj/Erth      ####..       5%          3    ###....
 Spider Form              Tmut/Pois      ####......   3%          3    ###....
 Blade Hands              Tmut           ###.......   52%         5    ######.
 Ice Form                 Ice/Tmut       ##......     52%         4    ####...
 Confusing Touch          Hex            #.....       17%         1    None
 Passwall                 Tmut/Erth      ####....     1%          2    ##.....
 Ensorcelled Hibernation  Hex/Ice        #.....       26%         2    ##.....
 Corona                   Hex            #......      17%         1    None
 Sandblast                Erth           #####.       1%          1    None
 Petrify                  Tmut/Erth      ####....     11%         4    ####...
 Beastly Appendage        Tmut           ###...       2%          1    None
 Fulminant Prism          Conj/Hex       #.........   69%         4    ####...
 Dazzling Spray           Conj/Hex       #.....       30%         3    ###....
 Force Lance              Conj/Tloc      #.......     69%         4    ####...
 Searing Ray              Conj           ##....       10%         2    ##.....


Dungeon Overview and Level Annotations

Branches:
Dungeon (12/15)            Temple (0/1) D:7            Lair (0/6) D:8
    Orc (2/2) D:9
    Elf: Orc:2

Altars:
Fedhas
Gozag
Hepliaklqana
Okawaru
Xom
Zin

Shops:
D:4 *!:!   D:9 }

Annotations:
D:4 exclusions: downstairs and phantom, Ijustatesigmund's ghost, novice OgGl
D:5 ice beast roaming
D:7 2 transporters
D:8 Nr616's ghost, novice GrFi
D:11 exclusion: downstairs
D:12 7h, exclusion: ugly thing
Orc:2 Nessos; Rupert


Innate Abilities, Weirdness & Mutations

You cannot wear boots.
Your serpentine skin is tough. (AC +4)
You have supernaturally acute eyesight. (SInv)
Armour fits poorly on your strangely shaped body.
Your system is resistant to poisons. (rPois)
You cover ground very slowly.
You have a slow metabolism.
You can spit poison.


Message History

Unknown command.
You hit the orc warlord but do no damage.
The orc warlord is severely wounded.
The orc barely misses you.
The orc warlord roars a battlecry!
The orc goes into a battle-frenzy!
Unknown command.
You are too berserk!
You are too berserk!
Unknown command.
You sock the orc warlord! You freeze the orc warlord.
The orc warlord is almost dead.
The orc warrior hits you with a short sword!
* * * LOW HITPOINT WARNING * * *
You are too berserk!
You bludgeon the orc warrior!! You freeze the orc warrior.
You kill the orc warrior!
The orc barely misses you.
The orc warlord hits you with a great mace!
You die...

#.....................
#.....................
#...................).
#...................))
#...............)...).
#...................))
#.....................
##..........)...))...#
#....@o.............##
##..To).....)))....##
#.................))##
##..................)#
#..........).......).
#.........).).....)##.
##.................###
...................#
#...................#


You could see an orc warlord, a troll and an orc.

Vanquished Creatures
  The ghost of TheNamelessOne the Grappler, a journeyman TrCK of Xom (D:11)
  3 two-headed ogres
  Sonja (Orc:2)
  2 unseen horrors (D:11)
  The ghost of Ratty the Thaumaturge, a novice DENe of Kikubaaqudgha (D:7)
  3 orc sorcerers
  A manticore (D:11)
  An orc knight (Orc:1)
  The ghost of emperorscorpion the Poker, a novice MiBe of Trog (D:10)
  A troll (Orc:1)
  11 yaks
  A human (D:9)
  4 hogs (D:9)
  A hungry ghost (D:11)
  Menkaure (D:7)
  2 water moccasins
  2 black bears
  3 sky beasts
  4 phantoms
  14 orc warriors
  4 ice beasts
  An eye of draining (D:10)
  7 centaurs
  7 ogres
  2 big kobolds
  11 bullfrogs
  The ghost of emperorscorpion the Sneak, an amateur SpEn (D:3)
  A gnoll sergeant (D:8)
  7 scorpions
  11 wights
  3 killer bees (D:11)
  An electric eel (D:11)
  A howler monkey (D:11)
  2 crimson imps
  A centaur zombie (D:7)
  4 jellies
  Crazy Yiuf (D:5)
  5 hounds
  2 centaur skeletons (D:7)
  15 orc priests
  19 orc wizards
  Jessica (D:2)
  7 iguanas
  5 worker ants
  2 killer bee zombies
  A hound zombie (D:9)
  2 hound skeletons
  A howler monkey zombie (D:8)
  2 worker ant zombies
  10 gnolls
  14 adders
  4 shadow imps
  2 oozes
  2 worms (D:4)
  3 dart slugs
  4 leopard geckos
  73 orcs
  4 giant cockroaches
  4 hobgoblins
  13 jackals
  14 kobolds
  6 quokkas
  3 ball pythons
  11 bats
  5 frilled lizards
  2 goblins
  A leopard gecko skeleton (D:7)
  A quokka zombie (D:9)
  8 rats
  A fungus (D:8)
370 creatures vanquished.

Vanquished Creatures (collateral kills)
  An orc (D:3)
  2 hobgoblins (D:3)
  A jackal (D:3)
  A quokka (D:3)
5 creatures vanquished.

Vanquished Creatures (others)
  A sky beast (D:8)
1 creature vanquished.

Grand Total: 376 creatures vanquished

Notes
Turn   | Place    | Note
-------+----------+-------------------------------------------
     0 | D:1      | Leszczynek the Naga Venom Mage began the quest for the Orb.
     0 | D:1      | Reached XP level 1. HP: 15/15 MP: 3/3
   145 | D:1      | Reached skill level 4 in Stealth
   184 | D:1      | Reached XP level 2. HP: 19/22 MP: 3/5
   188 | D:1      | Learned a level 2 spell: Poisonous Vapours
   353 | D:1      | Reached skill level 5 in Stealth
   550 | D:1      | Reached XP level 3. HP: 28/28 MP: 4/6
   727 | D:2      | Learned a level 3 spell: Mephitic Cloud
   894 | D:2      | Noticed Jessica
   902 | D:2      | Killed Jessica
   902 | D:2      | Reached skill level 6 in Stealth
   902 | D:2      | Reached XP level 4. HP: 35/36 MP: 1/7
  1209 | D:2      | Reached skill level 1 in Air Magic
  1429 | D:2      | Reached XP level 5. HP: 29/42 MP: 3/8
  1742 | D:3      | Learned a level 1 spell: Animate Skeleton
  1796 | D:3      | You fall through a shaft!
  1836 | D:4      | Found Ynymp's Distillery.
  1844 | D:4      | Bought a potion of lignification for 36 gold pieces
  1844 | D:4      | Bought a potion of lignification for 36 gold pieces
  1844 | D:4      | Bought a potion of curing for 36 gold pieces
  1844 | D:4      | Bought a potion of degeneration for 12 gold pieces
  2105 | D:3      | Noticed emperorscorpion's ghost (amateur SpEn)
  2175 | D:3      | Killed emperorscorpion's ghost
  2175 | D:3      | Reached skill level 2 in Conjurations
  2175 | D:3      | Reached skill level 1 in Necromancy
  2176 | D:3      | ez
  2458 | D:4      | Noticed Ijustatesigmund's ghost (novice OgGl)
  2466 | D:3      | Reached XP level 6. HP: 37/49 MP: 4/9
  2528 | D:3      | Reached skill level 2 in Necromancy
  2528 | D:3      | Reached skill level 2 in Air Magic
  2528 | D:3      | Reached skill level 5 in Poison Magic
  2631 | D:4      | Found Gukhliacs's Distillery.
  2672 | D:4      | Bought a potion of lignification for 39 gold pieces
  2753 | D:4      | Found Teuta's Book Emporium.
  2761 | D:4      | Noticed a phantom
  2920 | D:5      | Entered Level 5 of the Dungeon
  2968 | D:5      | IS THIS A SWASTIKA!!!!!!!111111!!!!!
  2968 | D:5      | omg call the devs
  2998 | D:4      | Found Caudal's Assorted Antiques.
  3011 | D:4      | Found a hazy altar of Hepliaklqana.
  3012 | D:4      | Found a glowing silver altar of Zin.
  3016 | D:4      | Became a worshipper of Zin the Law-Giver
  3017 | D:4      | i don't like having an early game
  3131 | D:4      | Bought an amethyst potion for 24 gold pieces
  3137 | D:5      | Noticed a water moccasin
  3463 | D:5      | Noticed an ice beast
  3704 | D:4      | Bought a scroll labeled LERUMUEFRA for 27 gold pieces
  3907 | D:5      | Reached skill level 1 in Fighting
  3907 | D:5      | Reached skill level 1 in Staves
  3974 | D:5      | Reached XP level 7. HP: 53/57 MP: 6/10
  3983 | D:5      | Reached skill level 2 in Staves
  4002 | D:5      | Reached * piety under Zin
  4288 | D:5      | Reached skill level 6 in Poison Magic
  4294 | D:5      | Reached skill level 2 in Fighting
  4298 | D:5      | Reached skill level 3 in Staves
  4399 | D:5      | Found a runed door.
  4403 | D:5      | Noticed Crazy Yiuf
  4411 | D:5      | Killed Crazy Yiuf
  4511 | D:3      | good, blink and tp identified already
  4650 | D:6      | Reached skill level 4 in Staves
  4650 | D:6      | Reached XP level 8. HP: 68/68 MP: 1/11
  5107 | D:6      | Reached skill level 3 in Fighting
  5199 | D:6      | Reached skill level 7 in Poison Magic
  5207 | D:6      | 4 jackals, 1 hound and 1 frog don't leave a corpse
  5207 | D:6      | scorpion immediately does, as do all orcs
  5265 | D:6      | Reached skill level 5 in Staves
  5676 | D:6      | Reached ** piety under Zin
  5721 | D:6      | Learned a level 4 spell: Olgreb's Toxic Radiance
  5816 | D:7      | Noticed Menkaure
  5863 | D:7      | Noticed Ratty's ghost (novice DENe)
  6111 | D:6      | Reached skill level 4 in Fighting
  6232 | D:7      | Reached skill level 6 in Staves
  6232 | D:7      | Reached skill level 1 in Invocations
  6370 | D:7      | Reached skill level 8 in Poison Magic
  6370 | D:7      | Reached XP level 9. HP: 73/78 MP: 7/12
  6448 | D:7      | Reached skill level 7 in Staves
  6448 | D:7      | Reached skill level 2 in Invocations
  6517 | D:7      | Found a transporter.
  6531 | D:7      | Found a transporter.
  6534 | D:7      | lol
  6580 | D:7      | Found a staircase to the Ecumenical Temple.
  6594 | D:7      | Reached skill level 3 in Invocations
  6880 | D:7      | Found a shimmering altar of Xom.
  7034 | D:7      | Killed Ratty's ghost
  7034 | D:7      | Reached skill level 8 in Staves
  7034 | D:7      | Reached skill level 4 in Invocations
  7074 | D:7      | Killed Menkaure
  7232 | D:8      | Found a blossoming altar of Fedhas.
  7246 | D:8      | Reached skill level 9 in Staves
  7246 | D:8      | Reached skill level 5 in Invocations
  7280 | D:8      | Found an opulent altar of Gozag.
  7360 | D:8      | Found a staircase to the Lair.
  7405 | D:8      | Noticed a two-headed ogre
  7624 | D:8      | Reached XP level 10. HP: 85/85 MP: 10/13
  7668 | D:8      | Reached skill level 7 in Stealth
  7751 | D:8      | Noticed Nr616's ghost (novice GrFi)
  8170 | D:8      | oh sure he'll suddenly be here
  8502 | D:4      | Bought a potion of haste for 130 gold pieces
  9008 | D:8      | You fall through a shaft!
  9083 | D:8      | Killed a two-headed ogre
  9083 | D:8      | Reached skill level 5 in Fighting
  9083 | D:8      | Reached skill level 10 in Staves
  9083 | D:8      | Reached skill level 6 in Invocations
  9190 | D:9      | Reached *** piety under Zin
  9217 | D:9      | Found a staircase to the Orcish Mines.
  9343 | D:9      | Found Woakelua's Gadget Emporium.
  9408 | D:9      | Reached skill level 6 in Fighting
  9413 | D:9      | HP: 15/91 [yak (9)]
  9416 | D:9      | Reached skill level 11 in Staves
  9778 | D:9      | Reached XP level 11. HP: 77/98 MP: 4/15
 10116 | D:9      | Noticed a two-headed ogre
 10125 | D:9      | HP: 18/99 [two-headed ogre/giant club (27)]
 10126 | D:9      | Killed a two-headed ogre
 10126 | D:9      | Reached skill level 3 in Spellcasting
 10561 | D:9      | Learned a level 5 spell: Lee's Rapid Deconstruction
 10812 | Orc:1    | Entered Level 1 of the Orcish Mines
 10819 | Orc:1    | Noticed an orc sorcerer
 10856 | D:10     | Entered Level 10 of the Dungeon
 10914 | D:10     | Reached skill level 7 in Fighting
 10971 | D:10     | Reached skill level 1 in Earth Magic
 11323 | D:10     | Reached skill level 2 in Earth Magic
 11539 | D:10     | Noticed emperorscorpion's ghost (novice MiBe)
 11543 | D:10     | aaa fuck
 11584 | D:10     | Killed emperorscorpion's ghost
 11586 | D:10     | You pass out from exhaustion.
 11865 | D:10     | Reached skill level 3 in Earth Magic
 12080 | D:11     | Noticed a manticore
 12091 | D:11     | Killed a manticore
 12213 | D:11     | Found an iron altar of Okawaru.
 12232 | D:11     | Reached skill level 4 in Earth Magic
 12318 | D:11     | Reached skill level 12 in Staves
 12337 | D:11     | Reached skill level 5 in Earth Magic
 12691 | D:11     | Noticed an unseen horror
 12691 | D:11     | Noticed TheNamelessOne's ghost (journeyman TrCK)
 12735 | D:11     | Reached **** piety under Zin
 12771 | D:11     | Noticed a two-headed ogre
 12785 | D:11     | HP: 29/150 [two-headed ogre/giant club (18)]
 12788 | D:11     | Killed a two-headed ogre
 12788 | D:11     | Reached skill level 6 in Earth Magic
 13109 | D:11     | Killed an unseen horror
 13233 | D:12     | Noticed a seven-headed hydra
 13241 | D:11     | fucking monkey, shut the fuck up
 13322 | D:12     | Noticed a white ugly thing
 13351 | D:11     | yesss, brand weapon
 13351 | D:11     | that's what i was waiting for
 13351 | D:11     | now i can use yiuf's staff
 13377 | D:11     | Noticed an unseen horror
 13397 | D:11     | Learned a level 2 spell: Sticks to Snakes
 13397 | D:11     | STICK TO SNAKES
 13423 | D:11     | Killed an unseen horror
 13423 | D:11     | Reached skill level 2 in Transmutations
 13423 | D:11     | Reached XP level 12. HP: 96/109 MP: 12/16
 13537 | D:11     | Got a faintly glowing leather armour
 13548 | D:11     | Identified the +3 leather armour "Lyne" {*Drain Regen+ SInv Stlth+} (You found it on level 11 of the Dungeon)
 13693 | D:11     | Killed TheNamelessOne's ghost
 13693 | D:11     | Reached skill level 2 in Dodging
 13693 | D:11     | Reached skill level 3 in Transmutations
 13847 | Orc:1    | Reached skill level 4 in Transmutations
 13944 | Orc:1    | Reached ***** piety under Zin
 14013 | Orc:1    | Reached skill level 7 in Earth Magic
 14308 | Orc:2    | Entered Level 2 of the Orcish Mines
 14323 | Orc:2    | Noticed an orc warlord
 14504 | Orc:1    | Reached skill level 3 in Dodging
 14594 | Orc:2    | Noticed Nessos
 14600 | Orc:2    | now that's really fucking unfortunate
 14764 | Orc:2    | Reached ****** piety under Zin
 14785 | Orc:2    | Noticed Rupert
 14787 | Orc:2    | geez
 14827 | Orc:2    | Reached skill level 5 in Transmutations
 14861 | Orc:2    | Reached skill level 8 in Earth Magic
 14933 | Orc:2    | Noticed Sonja
 14955 | Orc:2    | Killed Sonja
 15050 | Orc:2    | HP: 9/163 [orc warlord/great mace (32)]
 15052 | Orc:2    | Zin protects you from harm!
 15054 | Orc:2    | HP: 1/163 [orc warrior/short sword[an orc warlord] (10)]
 15055 | Orc:2    | Demolished by an orc warlord

Vault maps used:
D:1:      dpeg_arrival_fog, minmay_cut_off
D:2:      uniq_jessica
D:4:      gammafunk_temple_overflow_statue, first_ration, serial_shops, shop,
          shop, shop, nicolae_shop_crystal
D:5:      kennysheep_generic_room_3, uniq_crazy_yiuf_cottage
D:6:      minmay_divided_ellipse
D:7:      gammafunk_steamed_eel, minmay_temple_entry_large_hall, basic_altar,
          uniq_menkaure
D:8:      grunt_gozag_breadcrumbs, fedhas_altar_3, lair_entry_dummy
D:9:      serial_shops, shop, grunt_livestock
D:11:     basic_altar, fountainhead
Orc:1:    minmay_goldmine
Orc:2:    pf_orc_diabolical, nicolae_orc_stony_grotto, uniq_sonja, uniq_nessos,
          uniq_rupert

Skill      XL: |  1  2  3  4  5  6  7  8  9 10 11 12 |
---------------+-------------------------------------+-----
Stealth        | 4 5 6 7 |  7.0
Air Magic      | 1 2 |  2.1
Conjurations   | 2 |  2.4
Necromancy     | 1 2 |  2.1
Poison Magic   | 5 6 8 |  8.0
Fighting       | 1 2 4 6 7 |  7.0
Staves         | 1 4 6 9 11 12 | 12.0
Invocations    | 1 5 6 |  6.9
Spellcasting   | 3 |  3.1
Earth Magic    | 6 8 |  8.4
Transmutations | 2 5 |  5.0
Dodging        | 3 |  3.0

Action                   |  1- 3 |  4- 6 |  7- 9 | 10-12 || total
-------------------------+-------+-------+-------+-------++-------
Melee: Dagger            |    36 |   136 |       |       ||   172
       Unarmed           |     1 |    10 |       |       ||    11
       Quarterstaff      |       |    38 |   344 |   644 ||  1026
Throw: Javelin           |       |       |     5 |    19 ||    24
 Cast: Sting             |    29 |    27 |    10 |       ||    66
       Poisonous Vapours |       |    31 |    67 |   117 ||   215
       Animate Skeleton  |       |    12 |       |       ||    12
       Olgreb's Toxic Ra |       |       |     3 |    31 ||    34
       Sticks to Snakes  |       |       |       |     2 ||     2
       Mephitic Cloud    |       |       |       |     1 ||     1
Invok: Recite            |       |       |     3 |    15 ||    18
       Vitalisation      |       |       |       |     4 ||     4
 Abil: Spit Poison       |     5 |     3 |     7 |     8 ||    23
       Evoke Berserk Rag |       |       |       |     3 ||     3
Evoke: Wand              |       |       |     4 |     7 ||    11
  Use: Potion            |       |     3 |       |    10 ||    13
       Scroll            |       |       |     7 |    22 ||    29
 Stab: Sleeping          |     1 |     5 |     2 |     7 ||    15
       Invisible         |       |       |       |     2 ||     2
       Distracted        |       |       |       |     2 ||     2
       Paralysed         |       |       |       |     1 ||     1
  Eat: Chunk             |       |     9 |     2 |    13 ||    24
       Ration            |       |     1 |     4 |     7 ||    12
Armor: Robe              |     7 |    57 |   179 |   207 ||   450
       Skin              |       |    15 |       |       ||    15
       Leather armour    |       |       |       |    48 ||    48
Dodge: Dodged            |    27 |    79 |   155 |   253 ||   514

Table legend:
 A = Spawn XP
 B = Non-spawn XP
 C = Spawn XP percentage of total XP
 D = Spawn monster count
 E = Non-spawn monster count
 F = Spawn count percentage of total count
 G = Total turns spent on level
                    A         B        C        D         E        F      G
               +---------+---------+-------+---------+---------+-------+---------
         Total |       0 |   25951 |   0.0 |       0 |     375 |   0.0 | 15055
               +---------+---------+-------+---------+---------+-------+---------
           D:1 |       0 |      34 |   0.0 |       0 |      18 |   0.0 |   645
           D:2 |       0 |     134 |   0.0 |       0 |      27 |   0.0 |  1084
           D:3 |       0 |     206 |   0.0 |       0 |      22 |   0.0 |   797
           D:4 |       0 |      28 |   0.0 |       0 |       8 |   0.0 |   680
           D:5 |       0 |     968 |   0.0 |       0 |      30 |   0.0 |  1728
           D:6 |       0 |    1051 |   0.0 |       0 |      28 |   0.0 |  1588
           D:7 |       0 |    2310 |   0.0 |       0 |      28 |   0.0 |  1392
           D:8 |       0 |    2280 |   0.0 |       0 |      32 |   0.0 |  1234
           D:9 |       0 |    4435 |   0.0 |       0 |      48 |   0.0 |  1726
          D:10 |       0 |    1931 |   0.0 |       0 |      29 |   0.0 |  1230
          D:11 |       0 |    6357 |   0.0 |       0 |      33 |   0.0 |  1644
          D:12 |       0 |      35 |   0.0 |       0 |       2 |   0.0 |    68
         Orc:1 |       0 |    2793 |   0.0 |       0 |      27 |   0.0 |   733
         Orc:2 |       0 |    3389 |   0.0 |       0 |      43 |   0.0 |   506
               +---------+---------+-------+---------+---------+-------+---------
